AoeStats
← Red Calypso

Socotra

505236843Analyzed
4v4 RM · 24d ago on Sep 8, 2026· 46m 3s· 8 players
Game mode
Random Map
Map size
148×148
Population
200
Speed
Normal
Resources
Standard
Victory
Conquest
Starting age
Dark Age
Ending age
Imperial Age
RankedLock teamsTeams togetherTeam positionsShared explorationLock speedFull tech treeHidden civsTurbo modeCheats
Victory
Defeat
🇦🇹 Khitans · Austria
1380
+10
🇩🇪 Ethiopians · Germany
1375
+11
🇩🇪 Mongols · Germany
1345
+12
🇮🇹 Romans · Italy
1168
+18
🇨🇳 Persians · China
1288
-14
1266
-14
🇨🇳 Ethiopians · China
1234
-12
🇦🇷 Maya · Argentina
1202
-11
Мордочка в кефире
8:11 Loom
10:03 Feudal Age
17:05 Castle Age
16:14 Double-Bit Axe
16:20 Stone Mining
18:36 Fletching
21:13 Horse Collar
29:25 Bodkin Arrow
30:33 Wheelbarrow
30:11 Eupseong
32:08 Wheelbarrow
31:19 Town Watch
37:50 Imperial Age
37:40 Ballistics
37:01 Treadmill Crane
37:17 Murder Holes
38:36 Bracer
39:08 Arrowslits
39:37 Masonry
41:12 Hand Cart
40:43 Town Watch
41:49 Gold Mining
44:31 Architecture
45:02 Chemistry
Revenant
10:14 Feudal Age
14:04 Scale Barding Armor
14:32 Bloodlines
16:24 Double-Bit Axe
17:49 Forging
21:01 Gold Mining
24:24 Castle Age
23:58 Wheelbarrow
24:17 Light Cavalry
25:33 Husbandry
26:30 Loom
27:25 Chain Barding Armor
28:30 Iron Casting
30:07 Bow Saw
31:50 Horse Collar
35:48 Gold Shaft Mining
36:34 Hand Cart
36:44 Heavy Plow
39:10 Pikeman
39:50 Squires
39:36 Arson
40:27 Scale Mail Armor
笑春风
2:51 Loom
10:03 Feudal Age
13:05 Fletching
13:28 Horse Collar
15:55 Padded Archer Armor
21:26 Wheelbarrow
20:50 Double-Bit Axe
25:46 Castle Age
23:52 Gold Mining
25:49 Crossbowman
26:35 Thumb Ring
26:27 Bodkin Arrow
26:44 Bow Saw
27:23 Leather Archer Armor
29:02 Ballistics
29:51 Scale Mail Armor
30:02 Forging
30:02 Elite Skirmisher
30:58 Heavy Plow
31:11 Stone Mining
37:06 Imperial Age
35:28 Chain Mail Armor
35:48 Iron Casting
37:51 Bracer
39:16 Chemistry
41:59 Ring Archer Armor
41:04 Arbalester
44:15 Gold Shaft Mining
el maldito asfalto
0:26 Loom
11:22 Feudal Age
16:37 Fletching
18:32 Padded Archer Armor
21:31 Wheelbarrow
23:13 Double-Bit Axe
28:34 Castle Age
28:54 Crossbowman
36:25 Ballistics
41:24 Thumb Ring
Red Calypso
5:11 Loom
10:26 Feudal Age
13:26 Forging
15:26 Scale Barding Armor
18:30 Domestication
18:42 Double-Bit Axe
21:33 Wheelbarrow
27:28 Castle Age
25:42 Gold Mining
29:04 Iron Casting
27:51 Light Cavalry
29:27 Chain Barding Armor
29:30 Bow Saw
30:00 Husbandry
32:40 Hand Cart
34:58 Pastoralism
39:19 Stone Mining
43:03 Imperial Age
42:37 Town Watch
44:08 Conscription
44:00 Ordo Cavalry
44:39 Plate Barding Armor
43:47 Hussar
46:25 Siege Engineers
KIV.Theo
4:33 Loom
8:42 Feudal Age
9:44 Double-Bit Axe
9:40 Horse Collar
14:43 Town Watch
18:49 Scale Barding Armor
18:58 Bloodlines
22:32 Castle Age
20:55 Gold Mining
21:46 Bloodlines
22:59 Wheelbarrow
23:26 Bow Saw
25:47 Chain Barding Armor
34:36 Forging
34:53 Fletching
35:50 Bodkin Arrow
39:20 Padded Archer Armor
39:45 Ballistics
39:40 Light Cavalry
40:57 Iron Casting
41:24 Husbandry
46:58 Imperial Age
45:12 Leather Archer Armor
45:09 Thumb Ring
45:56 Nomads
KIV.4dd44
5:38 Loom
8:32 Feudal Age
11:35 Fletching
16:17 Town Watch
23:09 Castle Age
21:29 Double-Bit Axe
22:02 Gold Mining
22:17 Horse Collar
23:30 Padded Archer Armor
23:24 Crossbowman
24:13 Bodkin Arrow
27:45 Ballistics
29:29 Wheelbarrow
30:55 Masonry
39:08 Thumb Ring
41:35 Bow Saw
45:27 Imperial Age
46:32 Bracer
Dagoth_Ur
2:40 Loom
13:13 Feudal Age
18:48 Scale Mail Armor
30:50 Castle Age
29:15 Double-Bit Axe
29:26 Horse Collar
30:53 Elite Skirmisher
30:56 Pikeman
33:54 Chain Mail Armor
35:29 Padded Archer Armor
35:22 Fletching
41:49 Wheelbarrow
41:22 Squires
42:58 Forging
44:44 Hand Cart
44:51 Man-at-Arms
46:08 Iron Casting
45:53 Bow Saw
45:48 Heavy Plow
45:32 Long Swordsman
46:29 Gold Mining
Connection lost

Rejoining the realm…

Still unreachable

The connection could not be restored.

Session expired

The server has moved on; the page needs a fresh start.